[Event "45th FIDE Olympiad 2024"]
[Site "Budapest"]
[Date "2024.09.18"]
[Round "7.67"]
[White "Ormsby, Alan"]
[Black "Wong, Kai Meng"]
[Result "1/2-1/2"]
[WhiteElo "1914"]
[BlackElo "1795"]
[PlyCount "112"]
[EventDate "2024.09.05"]
[EventType "team-tourn"]
[EventCountry "HUN"]
[WhiteTeam "Isle of Man"]
[BlackTeam "Macau, China"]
[WhiteTeamCountry "IOM"]
[TimeControl "40/5400+30:1800+30"]

1. d4 Nf6 2. Bg5 d5 3. e3 Nbd7 4. Nf3 h6 5. Bf4 e6 6. Bd3 c5 7. c3 Be7 8. Nbd2 O-O 9. Ne5 Nxe5 10. dxe5 Nd7 11. Qh5 Bg5 12. h4 Bxf4 13. exf4 c4 14. Bc2 Nc5 15. Nf3 Nd3+ 16. Bxd3 cxd3 17. Nd4 Bd7 18. Rh3 Qb6 19. O-O-O Qa6 20. Kb1 d2 21. Qe2 Qxe2 22. Nxe2 f6 23. Re3 fxe5 24. Rxe5 Bb5 25. Rxd2 Bxe2 26. Rdxe2 Rxf4 27. g3 Rf3 28. Rxe6 Raf8 29. Rd6 Rxf2 30. Rxf2 Rxf2 31. Rxd5 Rg2 32. Rd3 Kh7 33. c4 Kg6 34. b4 Kf5 35. c5 Ke4 36. Rd7 Rxg3 37. Rxb7 Kd4 38. Kb2 a5 39. bxa5 Kxc5 40. a6 Rg2+ 41. Ka3 Rg6 42. a7 Ra6+ 43. Kb3 g5 44. hxg5 hxg5 45. Rg7 Kb6 46. Rxg5 Kxa7 47. Rg7+ Ka8 48. a4 Rb6+ 49. Kc4 Re6 50. Kb5 Rf6 51. Rh7 Rg6 52. a5 Rf6 53. Rg7 Re6 54. Rh7 Rf6 55. Rg7 Re6 56. Rh7 Rf6 1/2-1/2

[Event "45th FIDE Olympiad 2024"]
[Site "Budapest"]
[Date "2024.09.18"]
[Round "7.68"]
[White "Petkov, Momchil"]
[Black "Wafa, Hamed"]
[Result "1-0"]
[ECO "A60"]
[WhiteElo "2540"]
[BlackElo "2368"]
[Annotator "TA"]
[PlyCount "79"]
[EventDate "2024.09.05"]
[EventType "team-tourn"]
[EventCountry "HUN"]
[SourceTitle "playchess.com"]
[Source "ChessBase"]
[SourceQuality "1"]
[WhiteTeam "Bulgaria"]
[BlackTeam "Egypt"]
[WhiteTeamCountry "BUL"]
[BlackTeamCountry "EGY"]
[TimeControl "40/5400+30:1800+30"]

1. d4 Nf6 2. c4 e6 3. g3 c5 4. d5 exd5 5. cxd5 d6 6. Nf3 g6 7. a4 Bg7 8. Bg2 {The position is equal.} O-O 9. Nfd2 Re8 10. O-O Nbd7 11. Na3 b6 12. h3 Bb7 13. e4 a6 14. Rb1 b5 15. axb5 axb5 16. Nxb5 Ne5 {[#]} (16... Qb8 $1 $11) 17. f4 $1 $16 {White stays focused until the end.} Ba6 (17... Nd3 $16) 18. fxe5 $18 Bxb5 19. exf6 (19. Rxf6 Bxf6 20. exf6 Bd3 $11) 19... Bxf1 20. Qxf1 ({Much less strong is} 20. Nxf1 $6 Qxf6 21. Bf4 Reb8 $16) 20... Bxf6 21. Nc4 Qe7 22. Bf4 Bd4+ 23. Kh2 Rad8 24. h4 f6 25. Na5 Ra8 26. Nc6 Qc7 27. Nxd4 cxd4 28. Rc1 {Dodges Qc2} Qb6 29. Bh6 Ra7 30. Rc2 {[%cal Og2h3] [#] Threatens to win with Bh3!} Rf7 31. Rf2 f5 32. exf5 d3 33. Rf3 {Black must now prevent fxg6.} Qxb2 34. fxg6 ({And not} 34. Qxd3 Re2 $11) 34... Rxf3 35. Qxf3 {Intending Qf7+ and mate.} hxg6 36. Qxd3 Kh7 37. Qd2 Qb5 38. Be3 Qc4 39. Qf2 Kg7 {Repels Qf7+} 40. Bd4+ {Weighted Error Value: White=0.12 (very precise) /Black=0.52.  Mistake:       	---       	Black=2      Inaccurate:     	White=1     	Black=3      OK:         	White=13    	Black=10     Best:        	White=3     	---        Strong:       	White=1     	---} 1-0

[Event "45th FIDE Olympiad 2024"]
[Site "Budapest"]
[Date "2024.09.18"]
[Round "7.69"]
[White "Fedoseev, Vladimir"]
[Black "Rodrigue-Lemieux, Shawn"]
[Result "1-0"]
[ECO "E05"]
[WhiteElo "2692"]
[BlackElo "2509"]
[Annotator "TA"]
[PlyCount "99"]
[EventDate "2024.09.05"]
[EventType "team-tourn"]
[EventCountry "HUN"]
[SourceTitle "playchess.com"]
[Source "ChessBase"]
[SourceQuality "1"]
[WhiteTeam "Slovenia"]
[BlackTeam "Canada"]
[WhiteTeamCountry "SLO"]
[BlackTeamCountry "CAN"]
[TimeControl "40/5400+30:1800+30"]

1. d4 Nf6 2. c4 e6 3. Nf3 d5 4. g3 Be7 5. Bg2 O-O 6. O-O dxc4 7. Qa4 a6 8. Qxc4 b5 9. Qc2 Bb7 10. Bd2 Ra7 11. Rc1 Be4 12. Qb3 Nc6 {[%cal Oe4f3] Prevents Bb4. The position is equal.} 13. e3 Qa8 14. Qd1 b4 {Inhibits Nc3.} 15. Be1 a5 16. Bf1 Bd5 17. Bc4 a4 18. Bxd5 exd5 19. a3 Na5 20. Nfd2 {Repels Nb3} bxa3 21. Nxa3 Rb8 {Prevents Nb5} 22. Nab1 Rxb2 {And now ...Nc6 would win.} 23. Rxa4 h5 24. Nc3 Rbb7 25. Qf3 c6 26. Rca1 h4 27. gxh4 Nd7 28. h5 Nb6 29. R4a2 Bb4 ({Better is} 29... Nac4 $14) 30. Nf1 $1 $16 Nac4 31. Rxa7 Rxa7 32. Rd1 (32. Rxa7 $16 Qxa7 33. Nb5) 32... Ra1 $11 33. h6 {[%cal Oc3d5] Nxd5! is the strong threat.} gxh6 (33... Rxd1 $5 34. Qxd1 g6 $16) 34. Ng3 $36 {[%mdl 2048] White is pushing.} Nb2 35. Nf5 {White threatens Qg3+ and mate.} Nxd1 $2 (35... Bf8 $1 $11 36. Rxa1 Qxa1 37. Qg4+ Kh7) 36. Qg3+ $1 $18 Kf8 {[%cal Bg8f8,Bf8e8,Be8d8,Bd8c7,Bc7b6,Bb6a7][%mdl 32] [#]} 37. Nb5 Nxe3 (37... Bxe1 38. Qg7+ Ke8 39. Qe5+ (39. Qxh6 $2 Bxf2+ 40. Kg2 cxb5 $19) (39. Nc7+ Kd8 $18) 39... Kd7 40. Qe7+ Kc8 41. Qc7#) 38. Qg7+ Ke8 {[%cal Ra1e1] [#]} 39. Qg8+ $1 (39. Qe5+ Kd7 40. Qc7+ Ke6 41. Qe5+ Kd7 42. Qc7+ Ke6 43. Qe5+ Kd7 $11) 39... Bf8 (39... Kd7 40. Qxf7+ Kd8 41. Qc7+ (41. Qg8+ Kd7 42. Qf7+ Kd8 43. Qc7+ Ke8 44. Nbd6+ Bxd6 45. Nxd6+ Kf8 46. Qf7#) 41... Ke8 42. Nbd6+ (42. fxe3 Rxe1+ 43. Kg2 Nd7 $11) 42... Bxd6 43. Nxd6+ Kf8 44. Qf7#) 40. Nbd6+ (40. Nxe3 $2 Rxe1+ (40... cxb5 $2 41. Ng2 $19) 41. Kg2 cxb5 $19) 40... Kd8 41. Qxf8+ Kc7 42. Qe7+ (42. Qxh6 $2 Rxe1#) 42... Nd7 43. Qxe3 {Hoping for Ne8+. White is more active.} h5 $2 {[%mdl 8192] A mistake that costs the game.} (43... Qa5 $16 44. Kf1 Qa3 45. Qxa3 (45. Nxf7 Qxe3 46. fxe3 h5 $18) 45... Rxa3 46. Nxh6 (46. Nxf7 h5 $18) 46... Rh3 (46... Kxd6 $2 47. Bb4+ Ke6 48. Bxa3 $18)) 44. Ne8+ {A dynamic duo of knights.} (44. Nxf7 $2 {is the wrong capture.} Qg8+ 45. Qg3+ (45. Ng5 $2 Rxe1+ 46. Qxe1 Qxg5+ 47. Ng3 h4 $19) 45... Qxg3+ 46. hxg3 Rxe1+ 47. Kg2 Kb7 $19) 44... Kb6 45. Qb3+ ({Don't take} 45. Qe7 Qa4 46. Ned6 Ka6 47. Qe2+ Ka7) 45... Ka7 46. Qc3 {Black is weak on the dark squares} Ra4 47. Nfd6 {[%cal Oe8c7] Black must now prevent Nc7!} Nb6 48. Kg2 $2 (48. Qc5 Ra1 49. Kg2) 48... h4 $2 (48... Nc4 49. Qb3 Ra1) 49. h3 (49. Qc5 $142 {[%cal Oe1a5] Ba5! would kill now.} Ra6 50. Nc7) 49... f5 (49... Nc4 $18 50. Qb3 Ra1) 50. Qc5 {Weighted Error Value: White=0.36/Black=0.46.  Loses game:     	---       	Black=1      Mistake:       	White=2     	Black=4      Inaccurate:     	White=1     	Black=3      OK:         	White=13    	Black=8      Best:        	White=7     	Black=7      Strong:       	White=3     	---        Brilliant:      	White=1     	---} 1-0

[Event "45th FIDE Olympiad 2024"]
[Site "Budapest"]
[Date "2024.09.18"]
[Round "7.69"]
[White "Mompel Ferruz, Xavier"]
[Black "Houssein, Mohamed Bilal"]
[Result "1-0"]
[WhiteElo "2273"]
[BlackElo "1870"]
[PlyCount "57"]
[EventDate "2024.09.05"]
[EventType "team-tourn"]
[EventCountry "HUN"]
[WhiteTeam "Equatorial Guinea"]
[BlackTeam "Djibouti"]
[BlackTeamCountry "DJI"]
[TimeControl "40/5400+30:1800+30"]

1. e4 c5 2. Nf3 d6 3. d4 cxd4 4. Nxd4 Nf6 5. Nc3 a6 6. Be3 e5 7. Nb3 Be7 8. h3 Be6 9. f4 exf4 10. Bxf4 Nc6 11. Qe2 Ne5 12. O-O-O Nfd7 13. g4 Rc8 14. Qg2 Rxc3 15. bxc3 Qc7 16. Qg3 b5 17. g5 Nb6 18. Kd2 Na4 19. Nd4 O-O 20. Nxe6 fxe6 21. Bxe5 dxe5 22. Bd3 Qxc3+ 23. Ke2 Qd4 24. Rdf1 Nc3+ 25. Ke1 Rd8 26. Qf2 Qb4 27. Qf7+ Kh8 28. a3 Nxe4+ 29. axb4 1-0

[Event "45th FIDE Olympiad 2024"]
[Site "Budapest"]
[Date "2024.09.18"]
[Round "7.70"]
[White "Panjwani, Raja"]
[Black "Subelj, Jan"]
[Result "0-1"]
[ECO "A17"]
[WhiteElo "2460"]
[BlackElo "2498"]
[Annotator "TA"]
[PlyCount "88"]
[EventDate "2024.09.05"]
[EventType "team-tourn"]
[EventCountry "HUN"]
[SourceTitle "playchess.com"]
[Source "ChessBase"]
[SourceQuality "1"]
[WhiteTeam "Canada"]
[BlackTeam "Slovenia"]
[WhiteTeamCountry "CAN"]
[BlackTeamCountry "SLO"]
[TimeControl "40/5400+30:1800+30"]

1. Nf3 Nf6 2. c4 e6 3. Nc3 d5 4. e3 Bd6 5. d4 O-O 6. b3 (6. c5 $5 Be7 $8 7. b4 $11) 6... a6 7. Bd3 dxc4 8. bxc4 {White is slightly better.} c5 9. O-O Nbd7 10. Qc2 h6 11. Rd1 Qc7 12. Bb2 cxd4 13. exd4 b6 14. h3 Bb7 15. Nd2 e5 (15... Rac8 $11) 16. d5 $14 Nc5 17. a4 Nxd3 18. Qxd3 Nh5 19. Nce4 {aiming for Nxd6.} Bb4 20. Qb3 a5 21. Nf3 ({White should play} 21. Bc3 $14) 21... Rae8 $11 22. Ba3 f5 23. Bxb4 (23. Nc3 $11) 23... axb4 $15 24. Ng3 Nxg3 25. fxg3 e4 26. Nd4 e3 {...e2 is the strong threat.} 27. Ne2 $1 Re4 $36 {[%mdl 2048] Black fights for an advantage.} 28. Qxb4 Rxc4 (28... Qxc4 {simplifies} 29. Qxc4 Rxc4 30. Rd3 Re4) 29. Qb3 Qc5 30. d6 {Rac1 would now be deadly.} Kh7 {Strongly threatening ...Qc6.} 31. Qb5 Rc2 32. Qxc5 bxc5 33. Nf4 {[%mdl 8192] [#] This costs White the game.} (33. Re1 $17 {was necessary.}) 33... g5 $1 $19 34. Nd5 e2 35. Rd3 {[#]} c4 $1 36. Rd4 c3 37. Ne3 (37. Kf2 Rd2 38. Rxd2 cxd2 39. Kxe2 Bxd5 40. Rd1) 37... Rd2 {Black is clearly winning.} 38. Rc4 f4 (38... Rxd6 $2 39. Rxc3 (39. Rc7+ Kg8 $19) 39... f4 40. gxf4 gxf4 41. Re1 fxe3 42. Rxe2 $19) 39. gxf4 gxf4 40. Rc7+ Kg6 41. Nc2 Rd1+ 42. Kf2 Ba6 43. Ne1 Rxa1 44. d7 Rxa4 {Weighted Error Value: White=0.75/Black=0.25 (precise) .  Loses game:     	White=1     	---        Mistake:       	White=3     	Black=1      Inaccurate:     	White=2     	Black=4      OK:         	White=11    	Black=14     Best:        	White=1     	Black=3      Strong:       	White=1     	Black=2} 0-1

[Event "45th FIDE Olympiad 2024"]
[Site "Budapest"]
[Date "2024.09.18"]
[Round "7.70"]
[White "Omar, Aden Omar"]
[Black "Oscar, Naranjo Gonzalez"]
[Result "1-0"]
[WhiteElo "1779"]
[BlackElo "1861"]
[Annotator "COMBH"]
[PlyCount "113"]
[EventDate "2024.09.05"]
[EventType "team-tourn"]
[EventCountry "HUN"]
[WhiteTeam "Djibouti"]
[BlackTeam "Equatorial Guinea"]
[WhiteTeamCountry "DJI"]
[TimeControl "40/5400+30:1800+30"]

1. e4 e6 2. d4 d5 3. Nd2 Nf6 4. e5 Nfd7 5. Bd3 c5 6. c3 Nc6 7. Ne2 a5 8. Nf3 Qb6 9. h4 cxd4 10. cxd4 Bb4+ 11. Kf1 Be7 12. a3 f6 13. Nf4 Nf8 14. Rb1 Bd7 15. Nh5 Rg8 16. Be3 Rc8 17. Rh3 fxe5 18. dxe5 d4 19. Bg5 h6 20. Bxe7 Nxe7 21. Nf4 Bb5 22. Nxd4 Bxd3+ 23. Rxd3 g6 24. Qa4+ Kf7 25. Nb5 Kg7 26. Rd6 Rc6 27. Rbd1 Qc5 28. Re1 Nf5 29. Rxc6 bxc6 30. Nc7 Kf7 31. Qb3 Qe7 32. Qb7 Nd4 33. Rd1 c5 34. b4 axb4 35. axb4 Nd7 36. Ncxe6 Nxe5 37. Qxe7+ Kxe7 38. Nxd4 cxd4 39. Rxd4 Rb8 40. Rd5 Kf6 41. b5 g5 42. hxg5+ hxg5 43. Ne2 Ke6 44. Rd1 Nc4 45. Nd4+ Kf6 46. Rc1 Rc8 47. Nc6 Ne5 48. Ke2 Re8 49. Kd2 Nd7 50. Kd3 Ra8 51. Rc3 Ke6 52. Nd4+ Kd5 53. Nc2 Nc5+ 54. Ke3 Rb8 55. Nb4+ Kd6 56. Rxc5 Re8+ 57. Kd4 1-0

[Event "45th FIDE Olympiad 2024"]
[Site "Budapest"]
[Date "2024.09.18"]
[Round "7.71"]
[White "Sebenik, Matej"]
[Black "Preotu, Razvan"]
[Result "1/2-1/2"]
[ECO "A34"]
[WhiteElo "2515"]
[BlackElo "2451"]
[Annotator "TA"]
[PlyCount "61"]
[EventDate "2024.09.05"]
[EventType "team-tourn"]
[EventCountry "HUN"]
[SourceTitle "playchess.com"]
[Source "ChessBase"]
[SourceQuality "1"]
[WhiteTeam "Slovenia"]
[BlackTeam "Canada"]
[WhiteTeamCountry "SLO"]
[BlackTeamCountry "CAN"]
[TimeControl "40/5400+30:1800+30"]

1. Nf3 c5 2. c4 Nc6 3. Nc3 e5 4. e3 Nf6 5. d4 e4 6. d5 exf3 7. dxc6 dxc6 8. Qxd8+ Kxd8 9. gxf3 g6 10. b3 Bg7 11. Bb2 b6 12. O-O-O+ Kc7 13. h4 Bf5 14. Ne2 Nh5 15. Bxg7 Nxg7 16. Ng3 h5 17. Bd3 Bxd3 {The position is equal.} 18. Rxd3 Rad8 19. Rxd8 Rxd8 $11 {[%mdl 4096] Endgame. KRN-KRN} 20. Kc2 a5 21. Ne4 Nf5 22. a4 Kd7 23. Ng3 Nd6 24. Rd1 Ke7 25. e4 Nb7 26. f4 Rxd1 27. Kxd1 Nd6 28. e5 Nf5 29. Nxf5+ gxf5 30. Kd2 Ke6 31. Kd3 {Weighted Error Value: White=0.03 (flawless) /Black=0.03 (flawless) .  Inaccurate:     	White=1     	Black=1      OK:         	White=10    	Black=11     Best:        	White=3     	Black=1} 1/2-1/2

[Event "45th FIDE Olympiad 2024"]
[Site "Budapest"]
[Date "2024.09.18"]
[Round "7.71"]
[White "Angel, Estanislao Gatjens C"]
[Black "Mohamed, Ali Dima"]
[Result "1-0"]
[WhiteElo "1849"]
[BlackElo "1761"]
[PlyCount "67"]
[EventDate "2024.09.05"]
[EventType "team-tourn"]
[EventCountry "HUN"]
[WhiteTeam "Equatorial Guinea"]
[BlackTeam "Djibouti"]
[BlackTeamCountry "DJI"]
[TimeControl "40/5400+30:1800+30"]

1. d4 d5 2. c4 e6 3. Nc3 Bb4 4. Nf3 Bxc3+ 5. bxc3 dxc4 6. e4 b5 7. a4 c6 8. Ba3 Ne7 9. Ne5 O-O 10. h4 Bb7 11. Qg4 Nd7 12. Nxd7 Qxd7 13. Bc5 f5 14. Qg5 Rf7 15. e5 Nd5 16. Qd2 f4 17. Be2 a5 18. Bf3 Ne7 19. Bh5 g6 20. Bf3 Nd5 21. h5 g5 22. h6 Ne7 23. Rh5 Rf5 24. Be4 Qe8 25. Bxf5 Qxh5 26. Bxe6+ Kf8 27. Qc2 Qg6 28. Qxg6 hxg6 29. h7 Kg7 30. Bxe7 Re8 31. Bf6+ Kxh7 32. Bf7 Rf8 33. e6 Bc8 34. O-O-O 1-0

[Event "45th FIDE Olympiad 2024"]
[Site "Budapest"]
[Date "2024.09.18"]
[Round "7.72"]
[White "Noritsyn, Nikolay"]
[Black "Lavrencic, Matic"]
[Result "1/2-1/2"]
[ECO "B40"]
[WhiteElo "2451"]
[BlackElo "2360"]
[Annotator "ChessBase"]
[PlyCount "165"]
[EventDate "2024.09.05"]
[EventType "team-tourn"]
[EventCountry "HUN"]
[SourceTitle "playchess.com"]
[Source "ChessBase"]
[SourceQuality "1"]
[WhiteTeam "Canada"]
[BlackTeam "Slovenia"]
[WhiteTeamCountry "CAN"]
[BlackTeamCountry "SLO"]
[TimeControl "40/5400+30:1800+30"]

1. e4 c5 2. Nf3 e6 3. d4 cxd4 4. Nxd4 Nf6 5. Nd2 d6 6. Bd3 Nbd7 7. c3 Be7 8. O-O O-O 9. Re1 Ne5 10. Bf1 Qc7 11. a4 Bd7 12. h3 Rad8 13. a5 Nc6 14. Nb5 Qb8 15. Nf3 d5 16. exd5 Nxd5 17. Qc2 a6 18. Nbd4 Nxd4 19. Nxd4 Bf6 20. Qe4 Qc7 21. Bd3 g6 22. Qf3 Bc8 23. Be4 Bg7 24. Bg5 Ne7 25. Bb1 h6 26. Bh4 Rde8 27. Ba2 Bd7 28. Bg3 e5 29. Qe4 Nf5 30. Bh2 Qc8 31. Nc2 Bc6 32. Qg4 Kh7 33. Nb4 Bd7 34. Rad1 Nd4 35. Qh4 Nc6 36. Nd5 Be6 37. Nb6 Qc7 38. Bxe6 Rxe6 39. Rd7 Qb8 40. b4 Rd6 41. Qc4 Kg8 42. Qc5 Rd8 43. Rxd6 Qxd6 44. Qxd6 Rxd6 45. Nc4 Rd5 46. g4 e4 47. Rxe4 Bxc3 48. Bf4 Bxb4 49. Bxh6 Kh7 50. Be3 Bxa5 51. Nxa5 Rxa5 52. Re8 Rb5 53. Kg2 a5 54. Ra8 Kg7 55. h4 f6 56. g5 fxg5 57. hxg5 Kf7 58. Kf3 Ne5+ 59. Kf4 Nc4 60. Bd4 Rf5+ 61. Kg4 Ne5+ 62. Bxe5 Rxe5 63. f4 Rb5 64. Kf3 Ke7 65. Ke4 Rb4+ 66. Ke5 a4 67. Ra5 Kf7 68. f5 Rg4 69. Rb5 Rxg5 70. Rxb7+ Kf8 71. Kf6 Rxf5+ 72. Kxg6 Rf3 73. Ra7 a3 74. Kg5 Ke8 75. Kg4 Rb3 76. Kf4 Kd8 77. Ke4 Kc8 78. Kd4 Kb8 79. Ra4 Rh3 80. Kc5 Kb7 81. Kb4 Rh4+ 82. Kxa3 Rxa4+ 83. Kxa4 1/2-1/2

[Event "45th FIDE Olympiad 2024"]
[Site "Budapest"]
[Date "2024.09.18"]
[Round "7.73"]
[White "Brkic, Ante"]
[Black "Sadorra, Julio Catalino"]
[Result "1/2-1/2"]
[ECO "C70"]
[WhiteElo "2642"]
[BlackElo "2542"]
[Annotator "TA"]
[PlyCount "62"]
[EventDate "2024.09.05"]
[EventType "team-tourn"]
[EventCountry "HUN"]
[SourceTitle "playchess.com"]
[Source "ChessBase"]
[SourceQuality "1"]
[WhiteTeam "Croatia"]
[BlackTeam "Philippines"]
[WhiteTeamCountry "CRO"]
[BlackTeamCountry "PHI"]
[TimeControl "40/5400+30:1800+30"]

1. e4 e5 2. Nf3 Nc6 3. Bb5 a6 4. Ba4 Nge7 5. c3 f6 6. d4 d5 7. dxe5 (7. exd5 {simplifies} Qxd5 8. dxe5 Qxd1+ 9. Bxd1 Nxe5 10. Nxe5 fxe5 11. Bf3) 7... dxe4 8. Nd4 {[#] exf6 is the strong threat. White has an edge.} b5 $1 {And now ...Nxd4 would win.} 9. Bb3 (9. exf6 $11 {keeps the balance.} Nxd4 10. fxe7 (10. cxd4 bxa4 11. fxe7 Bxe7 $14) 10... Bxe7 11. Qxd4 Qxd4 12. cxd4 bxa4 13. O-O) 9... Nxd4 ({Better is} 9... Nxe5 $17 {Threatens to win with ...c5.} 10. O-O c5) 10. exf6 (10. cxd4 {simplifies} Nf5 11. Nc3 Bb7 12. d5) 10... Nf3+ 11. gxf3 Qxd1+ 12. Bxd1 gxf6 13. Nd2 Bb7 14. fxe4 O-O-O 15. Bc2 Ng6 16. Nb3 Re8 17. Be3 Bxe4 18. Bxe4 Rxe4 19. O-O-O Bd6 20. Rd4 Rhe8 21. Rg1 f5 22. Rxe4 Rxe4 23. Rg5 f4 24. Nd2 Re5 25. Rxe5 Bxe5 $11 {[%mdl 4096] Endgame. KBN-KBN} 26. Bc5 Kd7 27. Nf3 Ke6 28. Kd2 Kd5 29. Bd4 c5 30. Bxe5 Nxe5 31. Nxe5 Kxe5 {Weighted Error Value: White=0.12 (very precise) /Black=0.12 (very precise) .  Mistake:       	White=1     	Black=1      Inaccurate:     	White=1     	---        OK:         	White=8     	Black=15     Best:        	White=2     	Black=1      Strong:       	---       	Black=1} 1/2-1/2

[Event "45th FIDE Olympiad 2024"]
[Site "Budapest"]
[Date "2024.09.18"]
[Round "7.73"]
[White "Stratonowitsch, Andre"]
[Black "Koumba, Mounguen Jose Evrard"]
[Result "1-0"]
[WhiteElo "2154"]
[BlackElo "1957"]
[PlyCount "87"]
[EventDate "2024.09.05"]
[EventType "team-tourn"]
[EventCountry "HUN"]
[WhiteTeam "Seychelles"]
[BlackTeam "Gabon"]
[WhiteTeamCountry "SEY"]
[TimeControl "40/5400+30:1800+30"]

1. e4 c5 2. Nf3 e6 3. c3 d5 4. exd5 exd5 5. Bb5+ Bd7 6. Qe2+ Be7 7. O-O Bxb5 8. Qxb5+ Qd7 9. Qe2 Nc6 10. Re1 O-O-O 11. d4 Nf6 12. Bf4 Nh5 13. Be3 Rhe8 14. Qc2 g5 15. dxc5 Nf4 16. Nd4 Bxc5 17. Nd2 Bxd4 18. cxd4 Qg4 19. Bxf4 gxf4 20. h3 Qg7 21. Qf5+ Re6 22. Rxe6 fxe6 23. Qxe6+ Kb8 24. Nb3 Nxd4 25. Nxd4 Qxd4 26. Qe2 f3 27. Qxf3 Qxb2 28. Qd1 Rf8 29. Qe1 a6 30. Rb1 Qxa2 31. Rxb7+ Kxb7 32. Qb4+ Kc6 33. Qxf8 Qa1+ 34. Kh2 Qe5+ 35. f4 Qd6 36. Qc8+ Kb6 37. Kg3 d4 38. Qc1 d3 39. Kf3 Qd4 40. Qe3 Kc5 41. f5 d2 42. Qxd4+ Kxd4 43. Ke2 Ke5 44. g4 1-0

[Event "45th FIDE Olympiad 2024"]
[Site "Budapest"]
[Date "2024.09.18"]
[Round "7.74"]
[White "Quizon, Daniel"]
[Black "Martinovic, Sasa"]
[Result "0-1"]
[ECO "C07"]
[WhiteElo "2490"]
[BlackElo "2563"]
[Annotator "TA"]
[PlyCount "92"]
[EventDate "2024.09.05"]
[EventType "team-tourn"]
[EventCountry "HUN"]
[SourceTitle "playchess.com"]
[Source "ChessBase"]
[SourceQuality "1"]
[WhiteTeam "Philippines"]
[BlackTeam "Croatia"]
[WhiteTeamCountry "PHI"]
[BlackTeamCountry "CRO"]
[TimeControl "40/5400+30:1800+30"]

1. e4 e6 2. d4 d5 3. Nd2 c5 4. exd5 Qxd5 5. Ngf3 cxd4 6. Bc4 Qd6 7. O-O Nf6 8. Nb3 Nc6 9. Nbxd4 Nxd4 10. Qxd4 Qxd4 11. Nxd4 Bd7 12. Bf4 Rc8 13. Bb3 Bc5 14. Rad1 O-O 15. c3 Rfd8 16. Rfe1 h6 17. h3 Kf8 {The position is equal.} 18. Be5 b5 19. Rd3 a5 20. a3 Be7 21. Red1 Ne4 22. Ba2 Nc5 23. R3d2 a4 24. Nc2 Be8 25. Bd4 Nb3 26. Bxb3 axb3 27. Ne3 f6 28. Bc5 Rxd2 29. Bxe7+ Kxe7 30. Rxd2 $11 {[%mdl 4096] Endgame. KRB-KRN} g5 31. Rd4 f5 32. g3 e5 33. Rb4 (33. Nxf5+ $2 {too greedy.} Kf6 34. Rd6+ Kxf5 $19) (33. Rd1 $11 Bd7 34. f4) 33... Ke6 $15 34. Rxb3 (34. Kf1 $15) 34... f4 $17 35. gxf4 {Now White is beyond hope.} ({Better is} 35. Nc2 $1 $15) 35... gxf4 $19 36. Ng4 (36. Nc2 $142) 36... Bc6 37. Kf1 (37. f3 $142 h5 (37... Bxf3 38. Rxb5 Bxg4 39. hxg4 $11) 38. Nh2) 37... h5 38. Nh2 e4 39. Rb4 Ke5 40. Ke2 Rg8 41. Nf1 (41. Kf1 $142) 41... Rg1 {[#] Hoping for ...f3+. Black is clearly winning.} 42. c4 bxc4 {White must now prevent ...f3+.} 43. Rb6 Bd5 44. Rh6 f3+ 45. Ke1 {[#]} c3 $1 {[%mdl 512] ( -> ...Kd4)} 46. Rxh5+ Kd6 {Weighted Error Value: White=0.58/Black=0.27 (precise) .  Mistake:       	White=6     	---        Inaccurate:     	White=1     	---        OK:         	White=7     	Black=8      Best:        	White=1     	Black=5} ({Avoid the trap} 46... Kf4 $2 47. Rxd5 cxb2 48. Rb5 $18) 0-1

[Event "45th FIDE Olympiad 2024"]
[Site "Budapest"]
[Date "2024.09.18"]
[Round "7.74"]
[White "Bongo Akanga Ndjila, Barthelemy"]
[Black "Meier, Peter"]
[Result "0-1"]
[WhiteElo "1894"]
[BlackElo "2062"]
[PlyCount "104"]
[EventDate "2024.09.05"]
[EventType "team-tourn"]
[EventCountry "HUN"]
[WhiteTeam "Gabon"]
[BlackTeam "Seychelles"]
[BlackTeamCountry "SEY"]
[TimeControl "40/5400+30:1800+30"]

1. d4 Nf6 2. c4 e6 3. Nc3 d5 4. cxd5 exd5 5. Bg5 c6 6. e3 Be7 7. Bd3 O-O 8. Nge2 Nh5 9. Bxe7 Qxe7 10. Qc2 g6 11. h3 Ng7 12. O-O-O b5 13. g4 Na6 14. Qd2 Nb4 15. Bb1 a5 16. Ng3 f5 17. gxf5 Nxf5 18. a3 Na6 19. e4 Nxg3 20. fxg3 b4 21. axb4 axb4 22. Na4 Qc7 23. Qd3 Qa5 24. b3 dxe4 25. Qc4+ Kh8 26. Bxe4 Qg5+ 27. Kb1 Bf5 28. Qxc6 Qe3 29. Bxf5 Qxb3+ 30. Nb2 gxf5 31. Rd3 Qf7 32. d5 Rfc8 33. Qe6 Qg7 34. Qxf5 Nc5 35. Rf3 Rf8 36. Qh5 Rxf3 37. Qxf3 Qg6+ 38. Kc1 Nb3+ 39. Qxb3 Ra1+ 40. Kd2 Rxh1 41. Nd1 Rh2+ 42. Kc1 Qe4 43. d6 Qd4 44. Qa4 Qd2+ 45. Kb1 Qxd6 46. Qa1+ Kg8 47. Qa8+ Kg7 48. Qa7+ Kg6 49. Qa4 Qd3+ 50. Kc1 Qa3+ 51. Qxa3 bxa3 52. Kb1 Rh1 {0-} 0-1